| TOP OF THE 1ST |
|
Oklahoma City Dodgers batting - Pitching for El Paso Chihuahuas : LHP Kyle Foster
|
|
Pitching: LHP Kyle Foster
|
|
|
Batting: RHB Theo Schepers
|
0-0: Ball 1-0: Ground out 5-3 (Groundball, 56, EV 86.2 MPH)
|
|
Batting: RHB Tommy Hunter
|
0-0: Called Strike 0-1: Ball 1-1: Ball 2-1: Ball 3-1: Base on Balls
|
|
Batting: RHB Alex Cid
|
0-0: Swinging Strike 0-1: Ball 1-1: Called Strike 1-2: Ball 2-2: Grounds into double play, 6-4-3 (Groundball, 6, EV 85.6 MPH)
|
| Top of the 1st over - 0 runs, 0 hits, 0 errors, 0 left on base; Oklahoma City 0 - El Paso 0 |
| BOTTOM OF THE 1ST |
|
El Paso Chihuahuas batting - Pitching for Oklahoma City Dodgers : LHP Jonathan Daniels
|
|
Pitching: LHP Jonathan Daniels
|
|
|
Batting: RHB Dave McBain
|
0-0: DOUBLE (Line Drive, 7LM, EV 85.6 MPH)
|
|
Batting: RHB Andy Sheridan
|
0-0: Ball 1-0: Ball 2-0: Ground out 3-1 (Groundball, 34, EV 102.5 MPH) Dave McBain to third
|
|
Batting: RHB Mike Hayward
|
0-0: Foul Ball, location: 2F 0-1: Ball 1-1: Ball 2-1: Ball 3-1: 2-RUN HOME RUN (Flyball, 7D, EV 98.8 MPH), Distance : 380 ft
|
|
Batting: RHB Jeff Brower
|
0-0: Foul Ball, location: 2F 0-1: Ball 1-1: Foul Ball, location: 2F 1-2: Foul Ball, location: 2F 1-2: SINGLE (Groundball, 56, EV 107.5 MPH)
|
|
Batting: LHB Hugo MacBeth
|
0-0: Ball 1-0: Ball 2-0: Called Strike 2-1: Fielders Choice at 2nd, 5-4 (Groundball, 56S, EV 81.9 MPH)
|
|
Batting: RHB Robby Godwin
|
0-0: Ball 1-0: Foul Ball, location: 2F 1-1: Ball 2-1: Called Strike 2-2: Ball 3-2: Strikes out looking
|
| Bottom of the 1st over - 2 runs, 3 hits, 0 errors, 1 left on base; Oklahoma City 0 - El Paso 2 |
| TOP OF THE 2ND |
|
Oklahoma City Dodgers batting - Pitching for El Paso Chihuahuas : LHP Kyle Foster
|
|
Batting: LHB Stephen Van Raalte
|
0-0: Foul Ball, location: 2F 0-1: DOUBLE (Line Drive, 89XD, EV 98.8 MPH) - OUT at third base trying to stretch hit.
|
|
Batting: LHB Chris Buchan
|
0-0: Ball 1-0: Reached on error, E6 (Groundball, 4, EV 87.5 MPH)
|
|
Batting: LHB Tore Bosch
|
0-0: Grounds into double play, 4-6-3 (Groundball, 4, EV 85.0 MPH)
|
| Top of the 2nd over - 0 runs, 1 hit, 1 error, 0 left on base; Oklahoma City 0 - El Paso 2 |
| BOTTOM OF THE 2ND |
|
El Paso Chihuahuas batting - Pitching for Oklahoma City Dodgers : LHP Jonathan Daniels
|
|
Batting: LHB Carlos Cuellar
|
0-0: Foul Ball, location: 2F 0-1: Ball 1-1: Foul Ball, location: 2F 1-2: Foul Ball, location: 2F 1-2: Ball 2-2: Ground out 4-3 (Groundball, 4, EV 92.5 MPH)
|
|
Batting: RHB Dave Cluster
|
0-0: Ball 1-0: Ground out 6-3 (Groundball, 6, EV 83.8 MPH)
|
|
Batting: SHB Harrison McLaughlin
|
0-0: Called Strike 0-1: Ball 1-1: Ball 2-1: Ball 3-1: Foul Ball, location: 2F 3-2: Base on Balls
|
|
Batting: RHB Dave McBain
|
0-0: Ball 1-0: Called Strike 1-1: Foul Ball, location: 2F 1-2: Strikes out swinging
|
| Bottom of the 2nd over - 0 runs, 0 hits, 0 errors, 1 left on base; Oklahoma City 0 - El Paso 2 |
| TOP OF THE 3RD |
|
Oklahoma City Dodgers batting - Pitching for El Paso Chihuahuas : LHP Kyle Foster
|
|
Batting: LHB Doug Frampton
|
0-0: Ball 1-0: Ball 2-0: Swinging Strike 2-1: Foul Ball, location: 2F 2-2: Strikes out swinging
|
|
Batting: LHB Darrell Ortega
|
0-0: Foul Ball, location: 2F 0-1: Ball 1-1: Swinging Strike 1-2: Ball 2-2: Strikes out swinging
|
|
Batting: RHB Rick Pittman
|
0-0: Ball 1-0: Called Strike 1-1: Reached on error, E4 (Groundball, 4, EV 84.4 MPH)
|
|
Batting: RHB Theo Schepers
|
0-0: Swinging Strike Pickoff Throw to First - Out! 1-3 CS
|
| Top of the 3rd over - 0 runs, 0 hits, 1 error, 0 left on base; Oklahoma City 0 - El Paso 2 |
| BOTTOM OF THE 3RD |
|
El Paso Chihuahuas batting - Pitching for Oklahoma City Dodgers : LHP Jonathan Daniels
|
|
Batting: RHB Andy Sheridan
|
0-0: Ball 1-0: Called Strike 1-1: Called Strike 1-2: Ball 2-2: Fly out, F7 (Line Drive, 7, EV 93.1 MPH)
|
|
Batting: RHB Mike Hayward
|
0-0: Ball 1-0: SOLO HOME RUN (Flyball, 89XD, EV 102.5 MPH), Distance : 437 ft
|
|
Batting: RHB Jeff Brower
|
0-0: Ball 1-0: Ball 2-0: SINGLE (Groundball, 56D, EV 100.6 MPH)
|
|
Batting: LHB Hugo MacBeth
|
0-0: Ball 1-0: Ball 2-0: Foul Ball, location: 2F 2-1: Fly out, F9 (Flyball, 9D, EV 76.9 MPH)
|
|
Batting: RHB Robby Godwin
|
0-0: Foul Ball, location: 2F 0-1: Swinging Strike 0-2: Fielders Choice at 2nd, 5-4 (Groundball, 56, EV 101.2 MPH)
|
| Bottom of the 3rd over - 1 run, 2 hits, 0 errors, 1 left on base; Oklahoma City 0 - El Paso 3 |
| TOP OF THE 4TH |
|
Oklahoma City Dodgers batting - Pitching for El Paso Chihuahuas : LHP Kyle Foster
|
|
Batting: RHB Theo Schepers
|
0-0: Called Strike 0-1: Ball 1-1: Fly out, F4 (Popup, 4D, EV 56.9 MPH)
|
|
Batting: RHB Tommy Hunter
|
0-0: Ball 1-0: Foul Ball, location: 2F 1-1: Ball 2-1: Ball 3-1: Foul Ball, location: 2F 3-2: Strikes out swinging
|
|
Batting: RHB Alex Cid
|
0-0: Called Strike 0-1: Ball 1-1: Foul Ball, location: 2F 1-2: Foul Ball, location: 2F 1-2: SINGLE (Groundball, 34, EV 81.2 MPH) (infield hit)
|
|
Batting: LHB Stephen Van Raalte
|
0-0: Ball 1-0: Called Strike 1-1: Ball 2-1: Swinging Strike 2-2: Foul Ball, location: 2F 2-2: Foul Ball, location: 2F 2-2: Foul Ball, location: 2F 2-2: Ball 3-2: Foul Ball, location: 2F 3-2: Foul Ball, location: 2F 3-2: Strikes out swinging
|
| Top of the 4th over - 0 runs, 1 hit, 0 errors, 1 left on base; Oklahoma City 0 - El Paso 3 |
| BOTTOM OF THE 4TH |
|
El Paso Chihuahuas batting - Pitching for Oklahoma City Dodgers : LHP Jonathan Daniels
|
|
Batting: LHB Carlos Cuellar
|
0-0: Ball 1-0: Ball 2-0: Ground out 3-1 (Groundball, 13, EV 89.4 MPH)
|
|
Batting: RHB Dave Cluster
|
0-0: Ball 1-0: Foul Ball, location: 2F 1-1: Ball 2-1: Foul Ball, location: 2F 2-2: Foul Ball, location: 2F 2-2: Strikes out swinging
|
|
Batting: SHB Harrison McLaughlin
|
0-0: Ball 1-0: Swinging Strike 1-1: Ground out 5-3 (Groundball, 56, EV 77.5 MPH)
|
| Bottom of the 4th over - 0 runs, 0 hits, 0 errors, 0 left on base; Oklahoma City 0 - El Paso 3 |
| TOP OF THE 5TH |
|
Oklahoma City Dodgers batting - Pitching for El Paso Chihuahuas : LHP Kyle Foster
|
|
Batting: LHB Chris Buchan
|
0-0: Called Strike 0-1: Ground out 1-3 (Groundball, 34S, EV 75.6 MPH)
|
|
Batting: LHB Tore Bosch
|
0-0: Called Strike 0-1: Ball 1-1: Ball 2-1: Swinging Strike 2-2: Ground out 4-3 (Groundball, 34, EV 85.6 MPH)
|
|
Batting: LHB Doug Frampton
|
0-0: Ball 1-0: Swinging Strike 1-1: Called Strike 1-2: Ball 2-2: Strikes out swinging
|
| Top of the 5th over - 0 runs, 0 hits, 0 errors, 0 left on base; Oklahoma City 0 - El Paso 3 |
| BOTTOM OF THE 5TH |
|
El Paso Chihuahuas batting - Pitching for Oklahoma City Dodgers : LHP Jonathan Daniels
|
|
Batting: RHB Dave McBain
|
0-0: Ball 1-0: Called Strike 1-1: Ball 2-1: Ball 3-1: SINGLE (Groundball, 13S, EV 75.0 MPH) (infield hit)
|
|
Batting: RHB Andy Sheridan
|
0-0: Swinging Strike 0-1: Called Strike Dave McBain steals 2nd base 0-2: Strikes out swinging
|
|
Batting: RHB Mike Hayward
|
0-0: Ball 1-0: Ball 2-0: Ball 3-0: Foul Ball, location: 2F 3-1: Called Strike 3-2: Ground out 4-3 (Groundball, 4, EV 88.1 MPH) Dave McBain to third
|
|
Pitching: RHP Jose Avila
|
|
|
Batting: RHB Jeff Brower
|
0-0: Ball 1-0: Ball 2-0: Ball 3-0: Called Strike 3-1: Base on Balls
|
|
Batting: LHB Hugo MacBeth
|
0-0: Swinging Strike 0-1: Fly out, F6 (Line Drive, 6, EV 75.6 MPH)
|
| Bottom of the 5th over - 0 runs, 1 hit, 0 errors, 2 left on base; Oklahoma City 0 - El Paso 3 |
| TOP OF THE 6TH |
|
Oklahoma City Dodgers batting - Pitching for El Paso Chihuahuas : LHP Kyle Foster
|
|
Batting: LHB Darrell Ortega
|
0-0: Ball 1-0: Ground out 5-3 (Groundball, 5L, EV 101.2 MPH)
|
|
Batting: RHB Rick Pittman
|
0-0: Hit by Pitch
|
|
Batting: RHB Theo Schepers
|
0-0: Called Strike 0-1: Swinging Strike 0-2: Ball 1-2: Strikes out looking
|
|
Batting: RHB Tommy Hunter
|
0-0: Called Strike 0-1: Swinging Strike 0-2: Ball Wild Pitch! Rick Pittman to second 1-2: Ball 2-2: Strikes out swinging
|
| Top of the 6th over - 0 runs, 0 hits, 0 errors, 1 left on base; Oklahoma City 0 - El Paso 3 |
| BOTTOM OF THE 6TH |
|
El Paso Chihuahuas batting - Pitching for Oklahoma City Dodgers : RHP Jose Avila
|
|
Batting: RHB Robby Godwin
|
0-0: Ball 1-0: Swinging Strike 1-1: Ball 2-1: Swinging Strike 2-2: Ball 3-2: Ground out 6-3 (Groundball, 6, EV 91.9 MPH)
|
|
Batting: LHB Carlos Cuellar
|
0-0: Ball 1-0: Foul Ball, location: 2F 1-1: Ball 2-1: Ball 3-1: Called Strike 3-2: Foul Ball, location: 2F 3-2: DOUBLE (Line Drive, 7LM, EV 99.4 MPH)
|
|
Batting: RHB Dave Cluster
|
0-0: Ball 1-0: Ball 2-0: Ball 3-0: Base on Balls
|
|
Batting: SHB Harrison McLaughlin
|
0-0: Foul Ball, location: 2F 0-1: Ball 1-1: SINGLE (Groundball, 6, EV 97.5 MPH) Carlos Cuellar to third Dave Cluster to second Runner from 3rd tries for Home, SAFE, throw by CF to home
|
|
Batting: RHB Dave McBain
|
0-0: Called Strike 0-1: SINGLE (Line Drive, 7S, EV 92.5 MPH) Dave Cluster to third Harrison McLaughlin to second Runner from 3rd tries for Home, SAFE, throw by LF to home
|
|
Batting: RHB Andy Sheridan
|
0-0: Called Strike 0-1: SINGLE (Groundball, 4M, EV 96.9 MPH) Harrison McLaughlin to third Dave McBain to second
|
|
Batting: RHB Mike Hayward
|
0-0: Ball 1-0: Ball 2-0: Called Strike 2-1: Ball 3-1: Called Strike 3-2: Foul Ball, location: 2F 3-2: Fielders Choice at 2nd, 3-6 (Groundball, 23, EV 91.9 MPH) Harrison McLaughlin scores Dave McBain to third
|
|
Pitching: LHP Ramon Escobedo
|
|
|
Batting: RHB Jeff Brower
|
0-0: Ball 1-0: Foul Ball, location: 2F 1-1: Ball 2-1: Swinging Strike 2-2: Ball 3-2: Ground out 6-3 (Groundball, 6, EV 91.2 MPH)
|
| Bottom of the 6th over - 3 runs, 4 hits, 0 errors, 2 left on base; Oklahoma City 0 - El Paso 6 |
| TOP OF THE 7TH |
|
Oklahoma City Dodgers batting - Pitching for El Paso Chihuahuas : LHP Kyle Foster
|
|
Batting: RHB Alex Cid
|
0-0: Called Strike 0-1: Called Strike 0-2: Strikes out looking
|
|
Batting: LHB Stephen Van Raalte
|
0-0: Ball 1-0: Called Strike 1-1: Ball 2-1: Foul Ball, location: 2F 2-2: Fly out, F8 (Flyball, 8RM, EV 92.5 MPH)
|
|
Batting: LHB Chris Buchan
|
0-0: Ball 1-0: Foul Ball, location: 2F 1-1: SINGLE (Groundball, 4MD, EV 109.4 MPH)
|
|
Batting: LHB Tore Bosch
|
0-0: Ball 1-0: Ball 2-0: Ball 3-0: Called Strike 3-1: Fly out, F9 (Flyball, 89S, EV 96.9 MPH)
|
| Top of the 7th over - 0 runs, 1 hit, 0 errors, 1 left on base; Oklahoma City 0 - El Paso 6 |
| BOTTOM OF THE 7TH |
|
El Paso Chihuahuas batting - Pitching for Oklahoma City Dodgers : LHP Ramon Escobedo
|
|
Batting: LHB Hugo MacBeth
|
0-0: SINGLE (Line Drive, 6D, EV 97.5 MPH)
|
|
Batting: RHB Robby Godwin
|
0-0: Called Strike 0-1: Ball 1-1: Fly out, F4 (Popup, 4D, EV 60.6 MPH)
|
|
Batting: LHB Carlos Cuellar
|
0-0: Swinging Strike 0-1: Foul Ball, location: 2F 0-2: Ball 1-2: Foul Ball, location: 2F 1-2: Fielders Choice at 2nd, 3-6 (Groundball, 34S, EV 84.4 MPH)
|
|
Batting: RHB Dave Cluster
|
0-0: Foul Ball, location: 2F 0-1: Swinging Strike 0-2: Strikes out looking
|
| Bottom of the 7th over - 0 runs, 1 hit, 0 errors, 1 left on base; Oklahoma City 0 - El Paso 6 |
| TOP OF THE 8TH |
|
Oklahoma City Dodgers batting - Pitching for El Paso Chihuahuas : LHP Kyle Foster
|
|
Batting: LHB Doug Frampton
|
0-0: Called Strike 0-1: Fly out, F7 (Flyball, 7S, EV 93.8 MPH)
|
|
Batting: LHB Darrell Ortega
|
0-0: Called Strike 0-1: Ball 1-1: Ball 2-1: Ground out 4-3 (Groundball, 4, EV 86.9 MPH)
|
|
Batting: RHB Rick Pittman
|
0-0: Ball 1-0: Ball 2-0: Ball 3-0: Base on Balls
|
|
Pitching: LHP Shelby Rich
|
|
|
Batting: RHB Theo Schepers
|
0-0: Foul Ball, location: 2F 0-1: Ball 1-1: Called Strike 1-2: Ground out 4-3 (Groundball, 34, EV 87.5 MPH)
|
| Top of the 8th over - 0 runs, 0 hits, 0 errors, 1 left on base; Oklahoma City 0 - El Paso 6 |
| BOTTOM OF THE 8TH |
|
El Paso Chihuahuas batting - Pitching for Oklahoma City Dodgers : LHP Ramon Escobedo
|
|
Batting: SHB Harrison McLaughlin
|
0-0: Ball 1-0: Ball 2-0: Ball 3-0: Base on Balls
|
|
Batting: RHB Dave McBain
|
0-0: Called Strike 0-1: Ball 1-1: Foul Ball, location: 2F 1-2: SINGLE (Flyball, 8LS, EV 84.4 MPH) Harrison McLaughlin to second
|
|
Batting: RHB Andy Sheridan
|
0-0: Ball 1-0: Called Strike 1-1: SINGLE (Groundball, 6D, EV 98.1 MPH) Harrison McLaughlin to third Dave McBain to second Runner from 3rd tries for Home, SAFE, throw by LF to home
|
|
Pinch Hitting: SHB Adam Martin
|
0-0: Ball 1-0: Called Strike 1-1: Fly out, F7 (Flyball, 7D, EV 91.2 MPH) Runner from 2nd tags up, SAFE at 3rd, no throw by LF
|
|
Pinch Hitting: LHB Robin More
|
0-0: Ball 1-0: Ball 2-0: Ball 3-0: Base on Balls Andy Sheridan to second
|
|
Batting: LHB Hugo MacBeth
|
0-0: Ball 1-0: Ball 2-0: Ball 3-0: Called Strike 3-1: Base on Balls Dave McBain scores Andy Sheridan to third Robin More to second
|
|
Pitching: RHP Miguel Martinez
|
|
|
Pinch Hitting: RHB Danny Bunn
|
0-0: Foul Ball, location: 2F 0-1: Ball 1-1: Ball 2-1: Foul Ball, location: 2F 2-2: Foul Ball, location: 2F 2-2: Foul Ball, location: 2F 2-2: Strikes out swinging
|
|
Batting: LHB Carlos Cuellar
|
0-0: Called Strike 0-1: Called Strike 0-2: Ball 1-2: Fielders Choice at 2nd, 6-4 (Groundball, 6, EV 86.2 MPH)
|
| Bottom of the 8th over - 2 runs, 2 hits, 0 errors, 3 left on base; Oklahoma City 0 - El Paso 8 |
| TOP OF THE 9TH |
|
Oklahoma City Dodgers batting - Pitching for El Paso Chihuahuas : LHP Shelby Rich
|
|
Now at 1B: Robin More
|
|
|
Now at 2B: Adam Martin
|
|
|
Now in RF: Danny Bunn
|
|
|
Batting: RHB Tommy Hunter
|
0-0: Ball 1-0: Ball 2-0: Ground out 3-1 (Groundball, 34, EV 86.2 MPH)
|
|
Batting: RHB Alex Cid
|
0-0: Foul Ball, location: 2F 0-1: Called Strike 0-2: Ball 1-2: Ball 2-2: Ball 3-2: Foul Ball, location: 2F 3-2: Fly out, F6 (Line Drive, 6, EV 75.0 MPH)
|
|
Pinch Hitting: LHB Steve Pond
|
0-0: Called Strike 0-1: Ball 1-1: Ball 2-1: Ball 3-1: Base on Balls
|
|
Batting: LHB Chris Buchan
|
0-0: Ball 1-0: Swinging Strike 1-1: Foul Ball, location: 2F 1-2: Ball 2-2: Strikes out swinging
|
| Top of the 9th over - 0 runs, 0 hits, 0 errors, 1 left on base; Oklahoma City 0 - El Paso 8 |
|